 Dungeon Crawl Stone Soup version 0.31-a0-188-g5e087ee2ca (webtiles) character file.

Game seed: 800532863213438574

4 qw the Shooter (level 1, 0/12 HPs)
             Began as a Deep Elf Hunter on June 23, 2023.
             Slain by an endoplasm (2 damage)
             ... on level 1 of the Dungeon.
             The game lasted 00:00:03 (195 turns).

qw the Shooter (Deep Elf Hunter)                     Turns: 195, Time: 00:00:04

Health: 0/12       AC:  3    Str:  8    XL:     1   Next: 50%
Magic:  3/3        EV:  9    Int: 13    God:
Gold:   23         SH:  0    Dex: 18    Spells: 0/0 levels left

rFire   . . .        a - +0 shortbow
rCold   . . .        (shield currently unavailable)
rNeg    . . .        c - +0 leather armour
rPois   .            (no helmet)
rElec   .            (no cloak)
rCorr   .            (no gloves)
SInv    .            (no boots)
Will    .....        (no amulet)
Stlth   ++           (no ring)
HPRegen 0.22/turn    (no ring)
MPRegen 0.08/turn

%: no passive effects
@: constricted
A: no striking features
a: no special abilities


You were on level 1 of the Dungeon.
You visited 1 branch of the dungeon, and saw 1 of its levels.

You collected 23 gold pieces.


   Skills:
 - Level 1.5 Fighting
 + Level 5.6 Ranged Weapons
 - Level 2.4 Dodging
 - Level 1.2 Stealth


You couldn't memorise any spells.
You didn't know any spells.
Your spell library was empty.

Inventory:

Hand Weapons
 a - a +0 shortbow (weapon)
Armour
 c - a +0 leather armour (worn)
Scrolls
 b - a scroll of butterflies
 d - 2 scrolls of identify {unknown}
Potions
 e - a potion of degeneration {unknown}

Dungeon Overview and Level Annotations

Branches:
Dungeon (1/15)

Altars:


Message History

There is a staircase leading out of the dungeon here.
You open the door.
There is an open door here.
Found a stone staircase leading down.
Enter note: You now have 12 gold pieces.
Found a leather armour.
Enter note:
Found a sling.
Enter note:
There is a stone staircase leading down here.
Found an escape hatch in the floor.
Enter note:
d - 2 scrolls labelled KUOPUW HAFEVA (gained 1)
You now have 23 gold pieces (gained 11).
e - a yellow potion
Enter note:
Found 5 stones.
Enter note: A ball python comes into view.
The ball python hisses angrily.
An endoplasm comes into view.
Enter note: You shoot an arrow.
The arrow closely misses the ball python.
The ball python misses you. The ball python barely misses you.
You shoot an arrow. The arrow hits the endoplasm.
The endoplasm is severely wounded.
The ball python misses you. The ball python grabs you.
The ball python constricts you. The endoplasm hits you.
You shoot an arrow. The arrow hits the ball python.
The ball python is moderately wounded.
The ball python misses you. The ball python constricts you.
The endoplasm freezes you.
You are frozen.
You shoot an arrow.
The arrow closely misses the ball python.
The ball python bites you. The ball python constricts you.
The endoplasm hits you.
You die...

#### . ## #. .. #.
####. #.### #..#.
.... #....########
..##
.##...#.##..#(##SJ#
......##.#..##.#@.#
##....##....##....#
#..##.#..##.# ##.#
#.#.##..#.##..#
###....##....##
##..#.##..#.##.
###...##.#..##. .
....##....## . ##
...##..##.# #.


You could see an endoplasm and a ball python.

Vanquished Creatures
  A goblin (D:1)
  A quokka (D:1)
  A bat (D:1)
  A frilled lizard (D:1)
4 creatures vanquished.

Notes
Turn   | Place    | Note
-------+----------+-------------------------------------------
     0 | D:1      | qw the Deep Elf Hunter began the quest for the Orb.
     0 | D:1      | Reached XP level 1. HP: 12/12 MP: 3/3
     0 | D:1      | 0 ||| qw: Version: 0.3-a-9-g12657ce
     0 | D:1      | 0 ||| qw: Game counter: 3864
     0 | D:1      | 0 ||| qw: Always use a shield: true
     0 | D:1      | 0 ||| qw: God list: Okawaru
     0 | D:1      | 0 ||| qw: Allow faded altars: false
     0 | D:1      | 0 ||| qw: Do Orc after D:15 true
     0 | D:1      | 0 ||| qw: Do second Lair branch before Depths: true
     0 | D:1      | 0 ||| qw: Lair rune preference: random
     0 | D:1      | 0 ||| qw: Plans: Normal
     0 | D:1      | 0 ||| PLANNING D:1-11
   195 | D:1      | HP: 3/12 [ball python (3)]
   195 | D:1      | Slain by an endoplasm

Levels and vault maps discovered:
D:1:      tarquinn_simple_flora_water_e, layout_basic, nicolae_eternal_life

Action                     || total
---------------------------++-------
   Fire: Shortbow          ||    12
 Armour: Leather armour    ||     1
  Dodge: Dodged            ||     4

Table legend:
 A = Non-vault XP
 B = Vault XP
 C = Vault XP percentage of total XP
 D = Non-vault monster count
 E = Vault monster count
 F = Vault count percentage of total count
                 A         B        C        D         E       F
            +---------+---------+-------+---------+---------+-------
      Total |       6 |       0 |   0.0 |       4 |       0 |   0.0
            +---------+---------+-------+---------+---------+-------
        D:1 |       6 |       0 |   0.0 |       4 |       0 |   0.0
            +---------+---------+-------+---------+---------+-------
